 Dungeon Crawl Stone Soup version 0.30-a0-778-g2ef04afb54 (console) character file.

Game seed: 12818307386625962918

42 rlgrobin the Chopper (level 4, -4/38 HPs)
             Began as a Meteoran Fighter on Feb 16, 2023.
             Slain by an orc
             ... wielding a +0 trident
              (6 damage)
             ... on level 3 of the Dungeon.
             The game lasted 00:01:21 (128 turns).

rlgrobin the Chopper (Meteoran Fighter)              Turns: 128, Time: 00:01:22

Health: -4/38      AC:  6    Str: 20    XL:     4   Next: 3%
Magic:  5/5        EV:  9    Int:  9    God:
Gold:   43         SH:  5    Dex: 13    Spells: 3/3 levels left

rFire   . . .      SeeInvis .    a - +0 war axe
rCold   . . .      Faith    .    c - +0 buckler
rNeg    . . .      Spirit   .    b - +0 scale mail
rPois   .          Reflect  .    (no helmet)
rElec   .          Harm     .    (no cloak)
rCorr   .          Rampage  .    (no gloves)
Will    .....                    (no boots) Stlth
                                 (no amulet)
HPRegen 0.26/turn                (no ring)
MPRegen 0.09/turn                (no ring)

@: lethally poisoned (-4 -> -8), glowing
A: sense surroundings 1, otherworldly, glowing, explore regen
a: no special abilities


You were on level 3 of the Dungeon.
You visited 1 branch of the dungeon, and saw 3 of its levels.

You collected 43 gold pieces.

Inventory:

Hand Weapons
 a - a +0 war axe (weapon)
Armour
 b - a +0 scale mail (worn)
 c - a +0 buckler (worn)
Scrolls
 f - a scroll of immolation {unknown}
 g - 2 scrolls of identify {unknown}
 h - a scroll of fog {unknown}
 i - a scroll of teleportation {unknown}
 j - a scroll of magic mapping {unknown}
Potions
 d - a potion of might
 k - a potion of cancellation {unknown}


   Skills:
 - Level 3.2 Fighting
 + Level 4.6 Axes
 - Level 3.6 Armour
 - Level 3.6 Shields


You had 3 spell levels left.
You didn't know any spells.
Your spell library was empty.

Dungeon Overview and Level Annotations

Branches:
Dungeon (3/15) Zot: 1660

Altars:


Innate Abilities, Weirdness & Mutations

You passively map a small area around you.
You are easily found by Zot.
You glow in the dark.
You regain HP and MP as you explore.


Message History

Increase (S)trength, (I)ntelligence, or (D)exterity?
You feel stronger. x3
You miss the adder.
The orc hits you from afar with a +0 trident.
You block the adder's attack.
The orc hits you from afar with a +0 trident.
* * * LOW HITPOINT WARNING * * *
The adder barely misses you.
You closely miss the adder. You hit the orc. The orc hits you with a +0 whip.
* * * LOW HITPOINT WARNING * * *
The adder closely misses you.
The orc hits you from afar with a +0 trident.
* * * LOW HITPOINT WARNING * * *
You block the orc's attack.
It was a potion of curing.
You feel better. The adder bites you but does no damage.
The orc closely misses you. The orc hits you with a +0 whip.
* * * LOW HITPOINT WARNING * * *
The adder barely misses you.
You feel better.
The orc hits you from afar with a +0 trident!
* * * LOW HITPOINT WARNING * * *
The adder completely misses you. The orc hits you with a +0 whip.
* * * LOW HITPOINT WARNING * * *
You closely miss the adder. You completely miss the orc.
The adder bites you but does no damage. The orc barely misses you.
You block the orc's attack. The adder bites you but does no damage.
You hit the adder.
The adder is moderately wounded.
You slash the orc!
You kill the orc!
The orc barely misses you. The adder bites you.
* * * LOW HITPOINT WARNING * * *
You are lethally poisoned!
The adder poisons you! The orc misses you.
You have reached level 4!
* * * LOW HITPOINT WARNING * * *
You feel sick.
The orc hits you from afar with a +0 trident.
You die...

############
#.........(#
#...<......#
#..........# *
* #..........#
*
#..........###
* , *
#............#
*
#..........#.#
,
#.........@#...
, #...[..$)gS#
###
#########).o..#
, ,,......... ,
*** ..........
, ,,
#..~~......
*#.~..~.....
*~~~..~..~~. *
, ~~~..~..~..~
~


You could see an adder, an orc and a goblin.

Vanquished Creatures
  An orc priest (D:3)
  2 orcs (D:3)
  3 bats
  A goblin (D:2)
  A hobgoblin (D:1)
  A frilled lizard (D:2)
  A kobold (D:1)
  A rat (D:1)
11 creatures vanquished.

Notes
Turn   | Place    | Note
-------+----------+-------------------------------------------
     0 | D:1      | rlgrobin the Meteoran Fighter began the quest for the Orb.
     0 | D:1      | Reached XP level 1. HP: 19/19 MP: 2/2
    47 | D:2      | Reached skill level 3 in Axes
    47 | D:2      | Reached XP level 2. HP: 26/26 MP: 3/3
   122 | D:3      | Reached skill level 4 in Axes
   122 | D:3      | Reached XP level 3. HP: 14/31 MP: 4/4
   123 | D:3      | HP: 1/31 [orc/+0 trident (3)]
   128 | D:3      | Reached XP level 4. HP: 4/38 MP: 5/5
   128 | D:3      | Slain by an orc

Illustrated notes

Levels and vault maps discovered:
D:1:      ncdulo_watergridlock, layout_rooms, minmay_misc_feat_more_columns,
          minmay_lizard_pond
D:2:      layout_basic
D:3:      cheibrodos_helix_gallery, layout_rooms, ebering_ghost_disaster_area

Skill      XL: |  1  2 |
---------------+-------+-----
Axes           | 3 4 |  4.6
Fighting       | |  3.2
Armour         | |  3.6
Shields        | |  3.6

Action                     |  1- 3 |  4- 6 || total
---------------------------+-------+-------++-------
  Melee: War axe           |    29 |       ||    29
    Use: Potion            |     2 |       ||     2
 Armour: Scale mail        |    19 |       ||    19
  Dodge: Dodged            |    26 |       ||    26
  Block: Buckler           |    12 |       ||    12

Table legend: (Time is in decaauts)
 A = Elapsed time spent in this place.
 B = Non-inter-level travel time spent in this place.
 C = Inter-level travel time spent in this place.
 D = Time resting spent in this place.
 E = Time spent auto-exploring this place.
 F = Levels seen in this place.
 G = Mean time per level.
                   A        B        C        D        E       F      G
               +--------+--------+--------+--------+--------+-----+--------+
         Total |    139 |    139 |      0 |      0 |      0 |   3 |   46.3 |
       Dungeon |    139 |    139 |      0 |      0 |      0 |   3 |   46.3 |
               +--------+--------+--------+--------+--------+-----+--------+

Top non-repeatable levels by time:
     D:3: 49 daAuts
     D:1: 46 daAuts
     D:2: 43 daAuts
